[Event "Titled Tuesday Blitz November 15 Early 2022"]
[White "Barbashin, Igor"]
[Black "Avila Rodriguez, Joshua Ad"]
[WhiteFideId "4155718"]
[BlackFideId "5126444"]
[WhiteElo "2138"]
[BlackElo "2125"]
[Result "0-1"]
[Round "08"]
[TimeControl "180+1"]
[Date "2022.11.16"]
[WhiteClock "0:00:04"]
[BlackClock "0:00:08"]

1. d4 Nf6 2. c4 e6 3. Nc3 Bb4 4. Nf3 O-O 5. g3 d5 6. Bg2 dxc4 7. O-O Nc6 8. e3 Rb8 9. Qc2 b5 10. a4 a6 11. Nd2 Ne7 12. Nde4 Nxe4 13. Nxe4 Bb7 14. b3 cxb3 15. Qxb3 Bd6 16. Nxd6 cxd6 17. e4 d5 18. Bf4 Rc8 19. axb5 axb5 20. Qxb5 Bc6 21. Qb4 dxe4 22. Bd6 Nd5 23. Qa3 Ra8 24. Qc5 Bb5 25. Rxa8 Qxa8 26. Qxb5 Rd8 27. Bc5 Nc3 28. Qb2 Na4 29. Qe2 f5 30. Ra1 Qc6 31. Qc4 Nb6 32. Qb3 Nd5 33. Bf1 h5 34. Bc4 h4 35. Ra6 Qe8 36. Qb7 Qh5 37. Ra7 Qg4 38. Qf7+ Kh8 39. Qxe6 h3 40. Bxd5 Qd1# 0-1


[Site "https://www.chess.com"]

[Event "Titled Tuesday Blitz November 15 Early 2022"]
[White "Barria Zuniga, Daniel"]
[Black "Fiedorek, Michal"]
[WhiteFideId "3400816"]
[BlackFideId "1199528"]
[WhiteElo "2414"]
[BlackElo "2201"]
[Result "1-0"]
[Round "08"]
[TimeControl "180+1"]
[Date "2022.11.16"]
[WhiteClock "0:01:50"]
[BlackClock "0:00:17"]

1. d4 Nf6 2. c4 e6 3. Nf3 d5 4. Nc3 c5 5. Bg5 cxd4 6. Qxd4 Nc6 7. Bxf6 gxf6 8. Qh4 d4 9. O-O-O e5 10. e3 Be7 11. exd4 f5 12. Qg3 f4 13. Qg7 Bf6 14. Qh6 exd4 15. Nd5 Be7 16. Nxd4 f3 17. Nxf3 Be6 18. Nf6+ 1-0


[Site "https://www.chess.com"]

[Event "Titled Tuesday Blitz November 15 Early 2022"]
[White "Bethke, Richard"]
[Black "Yeremyan, Alen"]
[WhiteFideId "12959243"]
[BlackFideId "13308998"]
[WhiteElo "2369"]
[BlackElo "2159"]
[Result "0-1"]
[Round "08"]
[TimeControl "180+1"]
[Date "2022.11.16"]
[WhiteClock "0:00:37"]
[BlackClock "0:00:28"]

1. e4 c5 2. Nf3 Nc6 3. d4 cxd4 4. Nxd4 Nf6 5. Nc3 e5 6. Ndb5 d6 7. Bg5 a6 8. Na3 b5 9. Nd5 Be7 10. Bxf6 Bxf6 11. c3 Rb8 12. Nc2 O-O 13. h4 Be6 14. Nce3 b4 15. Bxa6 Qa5 16. Bc4 bxc3 17. bxc3 Ne7 18. Nxf6+ gxf6 19. O-O Rfd8 20. Bxe6 fxe6 21. Qg4+ Kf7 22. Qh5+ Kg7 23. Qg4+ Kf7 24. c4 Rg8 25. Qh5+ Kg7 26. Ng4 Rbf8 27. Qh6+ Kh8 28. Nxf6 Rg7 29. Nxh7 Ng8 30. Qxe6 Rxh7 31. Qxd6 Rf6 32. Qb8 Rxh4 33. g3 Rh7 34. Kg2 Qc3 35. f3 Qd2+ 36. Rf2 Rh2+ 37. Kxh2 Qxf2+ 38. Kh3 Rh6+ 39. Kg4 Rg6+ 40. Kh5 Qxg3 0-1


[Site "https://www.chess.com"]

[Event "Titled Tuesday Blitz November 15 Early 2022"]
[White "Biastoch, Bennet"]
[Black "Mihailidis, Anastasios"]
[WhiteFideId "12939889"]
[BlackFideId "4205588"]
[WhiteElo "2221"]
[BlackElo "2312"]
[Result "1/2-1/2"]
[Round "08"]
[TimeControl "180+1"]
[Date "2022.11.16"]
[WhiteClock "0:00:56"]
[BlackClock "0:00:06"]

1. Nf3 d5 2. g3 e6 3. Bg2 Nf6 4. d3 Be7 5. O-O O-O 6. Nc3 c5 7. e4 dxe4 8. dxe4 Nc6 9. Be3 Nd7 10. Nd2 b6 11. f4 Bb7 12. Qe2 Rc8 13. Rad1 a6 14. a4 Nd4 15. Qd3 Nb8 16. Nf3 Nxf3+ 17. Bxf3 Qxd3 18. Rxd3 Rfd8 19. Rfd1 Rxd3 20. Rxd3 Rd8 21. Rxd8+ Bxd8 22. Kf2 Bc6 23. Be2 Be7 24. h3 Kf8 25. Bd3 Ke8 26. e5 Kd7 27. Bxh7 g6 28. h4 Kd8 29. h5 Be8 30. h6 Bf8 31. f5 exf5 32. Bg5+ Kd7 33. Bg8 Bxh6 34. Bxh6 Ke6 35. Ne2 Bxa4 36. b3 Be8 37. Nf4+ Kxe5 38. Nxg6+ fxg6 39. Bf4+ Kd4 40. Bxb8 Kc3 41. Ba7 b5 42. Bxc5 a5 43. Ke3 Kxc2 44. Kf4 a4 45. bxa4 bxa4 46. Kg5 Kb2 47. Bd4+ Kc2 48. Bc5 Kb2 49. Kf6 a3 50. Bd4+ Kb1 51. Ke7 Bc6 52. Bh7 a2 53. Bxg6 a1=Q 54. Bxf5+ Ka2 55. Bxa1 Kxa1 56. g4 Bf3 57. g5 Bh5 58. Kf6 Kb2 59. Bg6 Bg4 60. Be4 Bh5 61. Kg7 Kc3 62. Kh6 Be8 63. Bg6 Bd7 64. Kg7 Kd4 65. Kf7 Ke5 66. Bb1 Be6+ 67. Ke7 Bf5 68. Ba2 Kf4 69. Kf6 Be4 70. Bc4 Bc2 71. Bg8 Be4 72. Bc4 Bc2 73. Bb3 Bxb3 74. g6 Ba2 75. g7 Bb3 76. Kg6 Ba2 77. Kf6 Bb3 78. Kg6 Ba2 79. Kh7 Bb3 80. Kh8 Ba2 81. g8=Q Bxg8 1/2-1/2


[Site "https://www.chess.com"]

[Event "Titled Tuesday Blitz November 15 Early 2022"]
[White "Bluebaum, Matthias"]
[Black "Salinas Herrera, Pablo"]
[WhiteFideId "24651516"]
[BlackFideId "3407128"]
[WhiteElo "2633"]
[BlackElo "2557"]
[Result "1-0"]
[Round "08"]
[TimeControl "180+1"]
[Date "2022.11.15"]
[WhiteClock "0:01:00"]
[BlackClock "0:00:08"]

1. d4 d5 2. c4 e6 3. Nc3 Nf6 4. cxd5 exd5 5. Bg5 c6 6. e3 h6 7. Bf4 Bd6 8. Bxd6 Qxd6 9. Bd3 O-O 10. Nge2 Re8 11. O-O a5 12. Ng3 Be6 13. f3 Na6 14. Qd2 Nc7 15. Rae1 Rad8 16. Qf2 c5 17. dxc5 Qxc5 18. Rc1 Qd6 19. Nce2 Bd7 20. Nd4 Ne6 21. Ngf5 Qf8 22. Rc3 Nc5 23. Bb1 b6 24. Qh4 Bxf5 25. Nxf5 Re6 26. Nd4 Ree8 27. Re1 Qd6 28. Nf5 Qe5 29. f4 Qe6 30. Qg3 Nh5 31. Qg4 g6 32. Nxh6+ Kf8 33. f5 Qd7 34. Rf1 Nf6 35. Qh4 g5 36. Qxg5 Nce4 37. Bxe4 Nxe4 38. Qg8+ Ke7 39. Qxf7+ Kd6 40. Qg6+ Ke5 41. Ng4# 1-0


[Site "https://www.chess.com"]

[Event "Titled Tuesday Blitz November 15 Early 2022"]
[White "Buksa, Nataliya"]
[Black "Chernov, Mikhail"]
[WhiteFideId "14123622"]
[BlackFideId "24143170"]
[WhiteElo "2313"]
[BlackElo "2113"]
[Result "1-0"]
[Round "08"]
[TimeControl "180+1"]
[Date "2022.11.16"]
[WhiteClock "0:02:22"]
[BlackClock "0:00:47"]

1. d4 d5 2. Nc3 Nf6 3. Bf4 c6 4. e3 Bf5 5. Nf3 e6 6. Ne5 h6 7. g4 Bh7 8. h4 Nbd7 9. Bd3 Bxd3 10. cxd3 Nxe5 11. Bxe5 Bd6 12. Bxd6 Qxd6 13. Qe2 O-O-O 14. O-O-O Kb8 15. Kb1 e5 16. g5 Nd7 17. Qf3 exd4 18. exd4 hxg5 19. hxg5 Rxh1 20. Rxh1 Qg6 21. Qf4+ Kc8 22. Nxd5 Qxd3+ 23. Ka1 Ne5 24. Ne7+ Kd7 25. Qxe5 Re8 26. Qf5+ Qxf5 27. Nxf5 g6 28. Ne3 Re4 29. Kb1 Ke6 30. Rd1 Rf4 31. Rd2 b6 32. Kc2 Kd6 33. b3 f6 34. gxf6 Rxf6 35. d5 1-0


[Site "https://www.chess.com"]

[Event "Titled Tuesday Blitz November 15 Early 2022"]
[White "Callejas Rojas, Francisco Miguel"]
[Black "Georg, Heinz"]
[WhiteFideId "32072503"]
[BlackFideId "4607295"]
[WhiteElo "2274"]
[BlackElo "2328"]
[Result "0-1"]
[Round "08"]
[TimeControl "180+1"]
[Date "2022.11.16"]
[WhiteClock "0:00:01"]
[BlackClock "0:00:15"]

1. d4 f5 2. e4 fxe4 3. Nc3 Nf6 4. Bg5 Nc6 5. d5 Ne5 6. Qe2 c6 7. O-O-O cxd5 8. Nxd5 e6 9. Nxf6+ gxf6 10. Qxe4 d5 11. Qe2 Bg7 12. Qh5+ Nf7 13. Be3 Bd7 14. Nf3 O-O 15. Bd3 f5 16. Bd4 e5 17. Bc5 e4 18. Bxf8 Qxf8 19. Bc4 exf3 20. Bxd5 Bc6 21. Qxf5 Bxd5 22. Qxd5 Qb4 23. Qb3 Qf4+ 24. Qe3 Qf6 25. Qb3 fxg2 26. Rhg1 Kh8 27. Rxg2 Re8 28. Rdg1 Bh6+ 29. Kb1 Ng5 30. h4 Nf3 0-1


[Site "https://www.chess.com"]

[Event "Titled Tuesday Blitz November 15 Early 2022"]
[White "Caruana, Fabiano"]
[Black "Martinez Alcantara, Jose Eduardo"]
[WhiteFideId "2020009"]
[BlackFideId "3805662"]
[WhiteElo "2847"]
[BlackElo "2705"]
[Result "1-0"]
[Round "08"]
[TimeControl "180+1"]
[Date "2022.11.15"]
[WhiteClock "0:01:04"]
[BlackClock "0:00:33"]

1. e4 e5 2. Nf3 Nc6 3. Bb5 a6 4. Ba4 Nf6 5. O-O Be7 6. Re1 b5 7. Bb3 d6 8. c3 O-O 9. h3 Bb7 10. d4 Re8 11. Nbd2 Bf8 12. Bc2 g6 13. d5 Ne7 14. b3 c6 15. c4 a5 16. Bd3 b4 17. Nf1 Bg7 18. Rb1 cxd5 19. cxd5 Nd7 20. Be3 Nxd5 21. exd5 e4 22. Bg5 Bf6 23. Bxf6 Nxf6 24. Bb5 exf3 25. Bxe8 fxg2 26. Bxf7+ Kxf7 27. Ne3 h5 28. Qf3 Kg7 29. Rbd1 Qd7 30. Nc4 Rf8 31. Qxg2 h4 32. Rd4 Nh5 33. Qg4 Qf7 34. Qxh4 Nf6 35. Nxd6 Qd7 36. Nxb7 Qxb7 37. d6 Rf7 38. Qg3 Nh5 39. Qe5+ Kh6 40. Qe3+ Kh7 41. d7 1-0


[Site "https://www.chess.com"]

[Event "Titled Tuesday Blitz November 15 Early 2022"]
[White "Chernomordik, Pavel"]
[Black "Jiganchine, Roman"]
[WhiteFideId "2804530"]
[BlackFideId "2603667"]
[WhiteElo "2192"]
[BlackElo "2315"]
[Result "1-0"]
[Round "08"]
[TimeControl "180+1"]
[Date "2022.11.16"]
[WhiteClock "0:01:49"]
[BlackClock "0:00:03"]

1. e4 c6 2. Nc3 d5 3. Nf3 dxe4 4. Nxe4 Nf6 5. Qe2 Nxe4 6. Qxe4 Qd5 7. Qf4 Qf5 8. Qc7 Qd7 9. Qg3 Qg4 10. Qc7 Qd7 11. Qa5 Qd5 12. Qc3 Bg4 13. Be2 Qe4 14. d3 Qe6 15. O-O Qxe2 16. Re1 Bxf3 17. Rxe2 Bxe2 18. f3 e6 19. Kf2 Bd1 20. Ke1 Bxf3 21. gxf3 Nd7 22. Bf4 a5 23. Kf1 e5 24. Bxe5 Bb4 25. Qc4 Nxe5 26. Qe4 Bd6 27. d4 f5 28. Qe2 O-O-O 29. dxe5 Rhe8 30. f4 Bc5 31. Rd1 Rxd1+ 32. Qxd1 Rd8 33. Qh5 g6 34. Qxh7 Rd1+ 35. Ke2 Rd4 36. Kf3 Rd2 37. Qxg6 Kc7 38. Qxf5 Rf2+ 39. Kg3 Rf1 40. e6 Kb6 41. h4 Bd6 42. h5 1-0


[Site "https://www.chess.com"]

[Event "Titled Tuesday Blitz November 15 Early 2022"]
[White "Chylewski, Patryk"]
[Black "Fiol, Fabrice"]
[WhiteFideId "1186191"]
[BlackFideId "611670"]
[WhiteElo "2192"]
[BlackElo "2414"]
[Result "1-0"]
[Round "08"]
[TimeControl "180+1"]
[Date "2022.11.16"]
[WhiteClock "0:00:38"]
[BlackClock "0:00:20"]

1. e4 c5 2. Nf3 e6 3. g3 g6 4. Bg2 Bg7 5. O-O d6 6. c3 e5 7. d4 Nc6 8. d5 Nce7 9. a4 h6 10. Na3 f5 11. exf5 Nxf5 12. Nd2 Nf6 13. Ne4 O-O 14. Nc4 Nxe4 15. Bxe4 b6 16. f4 Ba6 17. Bd3 e4 18. Be2 Rb8 19. Ne3 Bxe2 20. Qxe2 Qc8 21. Nc4 Qa6 22. Qxe4 Rbe8 23. Qd3 h5 24. Ne5 Qxd3 25. Nxd3 a6 26. Bd2 Re2 27. Rf2 Rfe8 28. Kf1 Rxf2+ 29. Kxf2 h4 30. g4 Ne7 31. c4 Bd4+ 32. Kf3 b5 33. axb5 axb5 34. cxb5 Nxd5 35. Ra6 c4 36. Rxd6 cxd3 37. Rxd5 Bxb2 38. Rxd3 Rb8 39. Rb3 Bd4 40. Ke4 Bg1 41. h3 Kf7 42. Be3 Re8+ 43. Kf3 Bxe3 44. Rxe3 Rb8 45. Rb3 Ke6 46. Ke3 Kd5 47. b6 Kc5 48. b7 Kc6 49. Ke4 Re8+ 50. Kd4 Rd8+ 51. Ke5 Rb8 52. Kf6 Kd5 53. Kxg6 Ke4 54. f5 Kf4 55. f6 Rxb7 56. Rxb7 Kg3 57. Rb3+ Kh2 58. f7 Kg2 59. f8=Q Kh2 60. Qf2+ Kh1 61. Rb1# 1-0


[Site "https://www.chess.com"]

[Event "Titled Tuesday Blitz November 15 Early 2022"]
[White "Ciuffoletti, Paolo"]
[Black "Gokerkan, Cem Kaan"]
[WhiteFideId "807630"]
[BlackFideId "6336760"]
[WhiteElo "2143"]
[BlackElo "2365"]
[Result "0-1"]
[Round "08"]
[TimeControl "180+1"]
[Date "2022.11.16"]
[WhiteClock "0:00:48"]
[BlackClock "0:01:49"]

1. e4 c5 2. d4 cxd4 3. c3 Nf6 4. e5 Nd5 5. Qxd4 e6 6. Bc4 Nc6 7. Qe4 Nde7 8. Nf3 Ng6 9. Bb5 Qc7 10. Bxc6 Qxc6 11. Qxc6 dxc6 12. h4 h5 13. a4 c5 14. a5 Bd7 15. Bg5 Bc6 16. Nbd2 Be7 17. Bxe7 Kxe7 18. Ke2 Rad8 19. g3 Rd5 20. Nc4 Bb5 21. b3 Nxe5 22. Nxe5 Rxe5+ 23. Kf3 Bc6+ 24. Kf4 Re4+ 0-1


[Site "https://www.chess.com"]

[Event "Titled Tuesday Blitz November 15 Early 2022"]
[White "Clawitter, Craig"]
[Black "Winkels, Marcel"]
[WhiteFideId "2023105"]
[BlackFideId "1003887"]
[WhiteElo "2195"]
[BlackElo "1900"]
[Result "1-0"]
[Round "08"]
[TimeControl "180+1"]
[Date "2022.11.16"]
[WhiteClock "0:00:07"]
[BlackClock "0:00:07"]

1. e4 c5 2. Nf3 Nf6 3. e5 Nd5 4. Nc3 e6 5. Nxd5 exd5 6. d4 Nc6 7. dxc5 Bxc5 8. Qxd5 Qb6 9. Bc4 Bxf2+ 10. Kd1 O-O 11. Ng5 Qd4+ 12. Ke2 d6 13. Qxd4 Bxd4 14. exd6 Bg4+ 15. Kf1 Ne5 16. Be2 Rad8 17. c3 Bb6 18. Bf4 Bxe2+ 19. Kxe2 Rfe8 20. Rad1 Ng6+ 21. Kf3 Nxf4 22. Kxf4 Be3+ 23. Kg4 Bxg5 24. Kxg5 Re6 25. d7 h6+ 26. Kf4 Re7 27. Rhe1 Rxe1 28. Rxe1 Rxd7 29. Re8+ Kh7 30. Rb8 b6 31. c4 Rd2 32. b4 Rxg2 33. c5 bxc5 34. bxc5 Rxa2 35. c6 Rc2 36. Rc8 Rc4+ 37. Ke5 a5 38. c7 a4 39. Kd6 a3 40. Ra8 Rc3 41. Rxa3 Rc1 42. Kd7 Rd1+ 43. Ke7 Rc1 44. Kd8 Rd1+ 45. Kc8 f5 46. Rc3 f4 47. Kb8 Rb1+ 48. Ka7 Ra1+ 49. Kb6 Rb1+ 50. Ka5 Ra1+ 51. Kb4 Ra8 52. c8=Q Rxc8 53. Rxc8 g5 54. Kc4 Kg6 55. Kd4 Kh5 56. Ke4 Kg4 57. Rf8 Kh3 58. Rh8 Kxh2 59. Rxh6+ Kg3 60. Rg6 g4 61. Kd3 f3 62. Ke3 Kg2 63. Rxg4+ Kh3 64. Kxf3 Kh2 65. Rg8 Kh1 66. Kf2 Kh2 67. Rh8# 1-0


[Site "https://www.chess.com"]

[Event "Titled Tuesday Blitz November 15 Early 2022"]
[White "Csonka, Balazs"]
[Black "Ilkhomi, Jaloliddin"]
[WhiteFideId "742910"]
[BlackFideId "14700948"]
[WhiteElo "2404"]
[BlackElo "2045"]
[Result "0-1"]
[Round "08"]
[TimeControl "180+1"]
[Date "2022.11.16"]
[WhiteClock "0:00:03"]
[BlackClock "0:00:08"]

1. c4 Nf6 2. Nc3 e6 3. e4 d5 4. cxd5 exd5 5. e5 d4 6. exf6 dxc3 7. dxc3 Qxd1+ 8. Kxd1 gxf6 9. Bf4 c6 10. Kc2 Bf5+ 11. Bd3 Bxd3+ 12. Kxd3 Nd7 13. Re1+ Kd8 14. Nf3 Nc5+ 15. Kc2 Ne6 16. Rd1+ Ke8 17. Bg3 Be7 18. Nd4 Nxd4+ 19. Rxd4 Rd8 20. Re4 Kf8 21. Rhe1 Rd7 22. Bb8 Bc5 23. R1e2 h5 24. b4 Bb6 25. c4 Kg7 26. Bg3 Rhd8 27. c5 Bc7 28. Bxc7 Rxc7 29. R2e3 Rcd7 30. Rg3+ Kf8 31. Rf4 Rd2+ 32. Kb3 R8d3+ 33. Rxd3 Rxd3+ 34. Kc2 Ra3 35. Kb2 Rd3 36. Rxf6 Rd2+ 37. Kb3 Ke7 38. Rf4 f6 39. h4 Ke6 40. a4 f5 41. g3 Ke5 42. Kc3 Ra2 43. Kb3 Re2 44. Rf3 Ke4 45. Rf4+ Ke5 46. b5 Re1 47. bxc6 bxc6 48. Kb4 Rc1 49. Rf3 Ke4 50. Rf4+ Ke5 51. Ka5 Rxc5+ 52. Ka6 Rc1 53. Kxa7 c5 54. a5 c4 55. a6 c3 56. Rc4 Kd5 57. Rc8 c2 58. Ka8 Kd4 0-1


[Site "https://www.chess.com"]

[Event "Titled Tuesday Blitz November 15 Early 2022"]
[White "Deac, Bogdan-Daniel"]
[Black "Madaminov, Mukhiddin"]
[WhiteFideId "1226380"]
[BlackFideId "14210703"]
[WhiteElo "2648"]
[BlackElo "2341"]
[Result "1-0"]
[Round "08"]
[TimeControl "180+1"]
[Date "2022.11.15"]
[WhiteClock "0:00:05"]
[BlackClock "0:00:02"]

1. Nf3 Nf6 2. b3 g6 3. Bb2 Bg7 4. g3 O-O 5. Bg2 d5 6. c4 c6 7. O-O Bf5 8. d3 Na6 9. Nbd2 Rc8 10. a3 Bg4 11. b4 Bxf3 12. Bxf3 e6 13. Qb3 Nb8 14. Rfd1 Nbd7 15. Bg2 h5 16. h3 Qe7 17. a4 Ne8 18. Bxg7 Nxg7 19. e4 dxe4 20. dxe4 c5 21. b5 e5 22. h4 Ne6 23. Nf1 Nd4 24. Qb2 Nf6 25. Ne3 Kg7 26. f3 Rh8 27. a5 Rcd8 28. Ra3 Rd6 29. Re1 Rhd8 30. Qf2 Rh8 31. Nd5 Nxd5 32. exd5 Re8 33. f4 f6 34. Rae3 Nf5 35. Re4 Qd8 36. fxe5 fxe5 37. Rxe5 Rxe5 38. Rxe5 Qxa5 39. Kh2 Rf6 40. Qxc5 Qc3 41. Rxf5 Rxf5 42. Qxa7 Qxc4 43. Qxb7+ Rf7 44. Qc6 Qd4 45. b6 Qb2 46. d6 Qd4 47. b7 Qa7 48. Qc7 1-0


[Site "https://www.chess.com"]

[Event "Titled Tuesday Blitz November 15 Early 2022"]
[White "Demchenko, Anton"]
[Black "Rodriguez Santiago, Jaime"]
[WhiteFideId "4160258"]
[BlackFideId "3100898"]
[WhiteElo "2545"]
[BlackElo "2025"]
[Result "1-0"]
[Round "08"]
[TimeControl "180+1"]
[Date "2022.11.16"]
[WhiteClock "0:00:12"]
[BlackClock "0:00:16"]

1. e4 c6 2. d4 d5 3. e5 Bf5 4. Nd2 e6 5. Nb3 c5 6. Bb5+ Nc6 7. dxc5 Bxc5 8. Bxc6+ bxc6 9. Nxc5 Qa5+ 10. c3 Qxc5 11. Ne2 Ne7 12. Be3 Qa5 13. b4 Qc7 14. f4 Be4 15. Bc5 O-O 16. O-O Rfd8 17. g4 Ng6 18. Ng3 Nh4 19. Qe2 Bg2 20. Rf2 Bh3 21. f5 exf5 22. gxf5 Re8 23. Re1 a5 24. Rf4 g5 25. Rf2 axb4 26. cxb4 Ra3 27. Nh5 Kh8 28. Nf6 Rxe5 29. Qxe5 Qxe5 30. Rxe5 Nf3+ 31. Rxf3 Rxf3 32. Bf2 Rc3 33. Nh5 h6 34. Re8+ Kh7 35. Rh8+ Kxh8 36. Bd4+ Kg8 37. Bxc3 Bxf5 38. a4 Bd3 39. Nf6+ Kf8 40. Nd7+ Ke7 41. Ne5 Ba6 42. Nxc6+ Kd6 43. Nd4 Bc4 44. Kf2 h5 45. Ke3 g4 46. Be1 Ke5 47. Bg3+ Kf6 48. b5 Kg5 49. b6 Ba6 50. Bf4+ Kh4 51. Nf5+ Kh3 52. Nd6 h4 53. b7 Bxb7 54. Nxb7 g3 55. hxg3 hxg3 56. Kf3 g2 57. Kf2 d4 58. Nc5 d3 59. Nxd3 1-0


[Site "https://www.chess.com"]

[Event "Titled Tuesday Blitz November 15 Early 2022"]
[White "Dias, Joao Batista"]
[Black "Izuzquiza Gonzalez, Javier"]
[WhiteFideId "2108240"]
[BlackFideId "3101029"]
[WhiteElo "1898"]
[BlackElo "2034"]
[Result "0-1"]
[Round "08"]
[TimeControl "180+1"]
[Date "2022.11.16"]
[WhiteClock "0:02:24"]
[BlackClock "0:02:01"]

1. e4 c5 2. Nf3 e6 3. d4 cxd4 4. Nxd4 a6 5. Bd3 Nf6 6. O-O Qc7 7. h3 d5 8. exd5 Nxd5 9. Bd2 Bd6 10. Nc3 Nf4 11. Ne4 Nxd3 12. Nxd6+ Qxd6 13. Bc3 Nf4 14. Qg4 Ng6 15. Rad1 Qe7 16. Rfe1 O-O 17. Nf5 exf5 0-1


[Site "https://www.chess.com"]

[Event "Titled Tuesday Blitz November 15 Early 2022"]
[White "Dixit, Nikhil"]
[Black "Jumabayev, Rinat"]
[WhiteFideId "5059534"]
[BlackFideId "13702661"]
[WhiteElo "2207"]
[BlackElo "2561"]
[Result "0-1"]
[Round "08"]
[TimeControl "180+1"]
[Date "2022.11.16"]
[WhiteClock "0:00:55"]
[BlackClock "0:00:42"]

1. e4 g6 2. d4 Bg7 3. Nc3 d6 4. h4 h5 5. Bg5 a6 6. Bc4 b5 7. Bb3 Nc6 8. Nge2 Nf6 9. Qd3 Bb7 10. f4 Ng4 11. a3 Qd7 12. O-O f6 13. e5 Qf5 14. Nd5 O-O-O 15. Qc3 Kb8 16. Ng3 Qd7 17. a4 b4 18. Nxb4 fxg5 19. e6 Bxd4+ 20. Qxd4 Nxd4 21. exd7 gxh4 22. c3 Nxb3 0-1


[Site "https://www.chess.com"]

[Event "Titled Tuesday Blitz November 15 Early 2022"]
[White "Dubov, Daniil"]
[Black "Sipila, Vilka"]
[WhiteFideId "24126055"]
[BlackFideId "505455"]
[WhiteElo "2791"]
[BlackElo "2347"]
[Result "1/2-1/2"]
[Round "08"]
[TimeControl "180+1"]
[Date "2022.11.15"]
[WhiteClock "0:00:04"]
[BlackClock "0:00:10"]

1. e4 d6 2. d4 Nf6 3. Nc3 g6 4. f4 Bg7 5. Nf3 O-O 6. Bd3 Nc6 7. e5 dxe5 8. dxe5 Nd5 9. Nxd5 Qxd5 10. Qe2 Bg4 11. Be4 Qc5 12. c3 Rad8 13. Be3 Qa5 14. O-O f6 15. b4 Qa3 16. Qc4+ Kh8 17. Bc1 Qa4 18. exf6 exf6 19. h3 Bxf3 20. Bxf3 f5 21. Be3 Qc2 22. Rac1 Qd3 23. Qxd3 Rxd3 24. Bc5 Rfd8 25. Bxc6 bxc6 26. Bxa7 Bxc3 27. Kh2 Kg8 28. Bc5 Ra8 29. Rc2 Kf7 30. Re2 Bf6 31. Rfe1 Rda3 32. Rd1 Rd8 33. Rxd8 Bxd8 34. Rd2 Ke8 35. g3 Bf6 36. Kg2 h5 37. Rc2 h4 38. gxh4 Bxh4 39. Bd4 Kd7 40. Be5 Rg3+ 41. Kh2 Rd3 42. Kg2 Be7 43. b5 cxb5 44. Rxc7+ Ke6 45. Rc6+ Kf7 46. Rc7 Ke6 47. Rc6+ Kf7 48. Rc2 b4 49. Rc7 Ke6 50. Rc6+ Kf7 51. Ra6 g5 52. fxg5 Bxg5 53. Rb6 Be7 54. Ra6 Bc5 55. Bf4 Rc3 56. h4 Rc2+ 57. Kf3 Rc3+ 58. Kg2 Rc2+ 59. Kf3 Rc3+ 60. Ke2 Rc2+ 61. Kd3 Rc3+ 62. Kd2 Rh3 63. Bg5 Bd4 64. Ke2 f4 65. Bxf4 Rxh4 66. Kf3 Rh3+ 67. Ke4 Bf6 68. Bd6 Ra3 69. Rb6 Rxa2 70. Kf5 Ra5+ 71. Ke4 Rh5 72. Bxb4 Rh4+ 73. Kf5 Rh5+ 74. Kg4 Rd5 75. Kf4 Rd4+ 76. Kf5 Rd5+ 77. Ke4 Rd4+ 78. Ke3 Rd5 79. Rb7+ Kg6 80. Be1 Rf5 81. Ke2 Re5+ 82. Kd1 Rf5 83. Bd2 Rd5 84. Ke2 Re5+ 85. Kf3 Rf5+ 86. Kg4 Rd5 87. Bf4 Rd4 88. Rb6 Kf7 89. Kf5 Rd5+ 90. Ke4 Ra5 91. Bd6 Ra4+ 92. Kf5 Ra5+ 93. Ke4 Ra4+ 94. Kd5 Rd4+ 95. Kc6 Rg4 96. Kd7 Rd4 97. Kc6 Rc4+ 98. Kd5 Rd4+ 99. Kc5 Rd1 100. Rb3 Bd4+ 101. Kc6 Bf6 102. Rf3 Ke6 103. Re3+ Kf7 104. Kd7 Bg5 105. Rf3+ Kg6 106. Ke6 Re1+ 107. Be5 Re3 108. Rf8 Re2 109. Rg8+ Kh5 110. Kf5 Rf2+ 111. Ke4 Re2+ 112. Kf5 Rf2+ 113. Ke6 Re2 114. Kd5 Rd2+ 115. Ke4 Re2+ 116. Kd4 Rd2+ 117. Kc3 Re2 118. Bd4 Re7 119. Kd3 Kh6 120. Bc5 Rd7+ 121. Ke4 Kh5 122. Bd4 1/2-1/2


[Site "https://www.chess.com"]

[Event "Titled Tuesday Blitz November 15 Early 2022"]
[White "Dudzinski, Pawel"]
[Black "Mendonca, Mateus Nakajo"]
[WhiteFideId "1117890"]
[BlackFideId "2110954"]
[WhiteElo "2086"]
[BlackElo "2310"]
[Result "1/2-1/2"]
[Round "08"]
[TimeControl "180+1"]
[Date "2022.11.16"]
[WhiteClock "0:00:30"]
[BlackClock "0:00:24"]

1. e4 c5 2. c4 Nc6 3. Nc3 g6 4. g3 Bg7 5. Bg2 e6 6. Rb1 Nge7 7. Nge2 O-O 8. O-O d6 9. a3 a5 10. Nb5 b6 11. d4 cxd4 12. Nexd4 Nxd4 13. Nxd4 Ba6 14. Nb5 d5 15. exd5 exd5 16. a4 dxc4 17. Bxa8 Qxa8 18. Nc7 Qb7 19. Nxa6 Qxa6 20. Qe2 Nc6 21. b3 Nd4 22. Qxc4 Qb7 23. Rd1 Nf3+ 24. Kf1 Nxh2+ 25. Kg1 Nf3+ 26. Kf1 Re8 27. Be3 Nh2+ 28. Kg1 Nf3+ 29. Kf1 Nh2+ 30. Kg1 Nf3+ 31. Kf1 1/2-1/2


[Site "https://www.chess.com"]

[Event "Titled Tuesday Blitz November 15 Early 2022"]
[White "Fabris, Alberto"]
[Black "Deuer, Marius"]
[WhiteFideId "801348"]
[BlackFideId "16236432"]
[WhiteElo "2073"]
[BlackElo "2226"]
[Result "0-1"]
[Round "08"]
[TimeControl "180+1"]
[Date "2022.11.16"]
[WhiteClock "0:01:36"]
[BlackClock "0:02:02"]

1. d4 Nf6 2. Nf3 c5 3. e3 e6 4. c3 d5 5. Bd3 Bd6 6. Nbd2 Nc6 7. O-O O-O 8. b3 Qe7 9. Bb2 e5 10. dxe5 Nxe5 11. Nxe5 Qxe5 12. Nf3 Qh5 13. c4 Bg4 14. h3 Bxh3 15. Bxf6 gxf6 16. Nd2 Bg4 17. Nf3 Bxf3 0-1


[Site "https://www.chess.com"]

[Event "Titled Tuesday Blitz November 15 Early 2022"]
[White "Fathy, Elameir"]
[Black "Sanchez, Robert"]
[WhiteFideId "10600396"]
[BlackFideId "2034360"]
[WhiteElo "2311"]
[BlackElo "2302"]
[Result "1/2-1/2"]
[Round "08"]
[TimeControl "180+1"]
[Date "2022.11.16"]
[WhiteClock "0:00:05"]
[BlackClock "0:00:26"]

1. d4 Nf6 2. c4 e6 3. Nf3 Bb4+ 4. Bd2 a5 5. g3 O-O 6. Bg2 Be7 7. O-O d5 8. Qc2 c6 9. Rd1 Na6 10. a3 Ne4 11. Nc3 Nxd2 12. Qxd2 dxc4 13. Ne5 c5 14. Nxc4 cxd4 15. Qxd4 Qxd4 16. Rxd4 Nc5 17. Nb6 Ra6 18. Nxc8 Rxc8 19. Rad1 Rb6 20. R4d2 Bf6 21. h4 h5 22. Ne4 Nxe4 23. Bxe4 g6 24. Rd7 Rxb2 25. Bxb7 Rc3 26. a4 Rc4 27. Bf3 Rxa4 28. Ra7 Rb8 29. Rdd7 Rf8 30. Kg2 Ra2 31. Ra6 a4 32. Rda7 a3 33. Rxa3 Rxa3 34. Rxa3 Rd8 35. Ra5 Kg7 36. Rb5 Rd2 37. Rb3 Rb2 38. Rxb2 Bxb2 39. e3 1/2-1/2


[Site "https://www.chess.com"]

[Event "Titled Tuesday Blitz November 15 Early 2022"]
[White "Fernandez De La Vara, Arnaldo"]
[Black "Mohamed Anees M"]
[WhiteFideId "3518388"]
[BlackFideId "35065815"]
[WhiteElo "2387"]
[BlackElo "2135"]
[Result "1-0"]
[Round "08"]
[TimeControl "180+1"]
[Date "2022.11.16"]
[WhiteClock "0:00:06"]
[BlackClock "0:00:01"]

1. Nf3 d5 2. g3 Nf6 3. Bg2 Bf5 4. O-O e6 5. d3 h6 6. Nbd2 Be7 7. b3 O-O 8. Bb2 c5 9. Ne5 Nbd7 10. e4 dxe4 11. dxe4 Bh7 12. Qe2 Qc7 13. Nxd7 Qxd7 14. a4 Rfd8 15. Rfd1 Qc7 16. Nc4 Rxd1+ 17. Rxd1 Rd8 18. f3 b6 19. Be5 Rxd1+ 20. Qxd1 Qd7 21. Qe2 Ne8 22. Qd3 Qc6 23. Bh3 Kf8 24. Kf2 f6 25. Bb2 Nc7 26. Na3 e5 27. Nc4 Bg8 28. Bd7 Bxc4 29. bxc4 Qd6 30. Qxd6 Bxd6 31. c3 Ke7 32. Bh3 Ne8 33. Ke3 Bc7 34. Bc1 Nd6 35. Kd3 Bd8 36. Ba3 Bc7 37. a5 Bd8 38. Bf1 Nb7 39. axb6 Bxb6 40. Kc2 Kd6 41. Kb3 Bc7 42. Ka4 Kc6 43. Bc1 Nd8 44. Be3 Nf7 45. Bh3 Ng5 46. Bg2 Nf7 47. h4 Nd6 48. Kb3 a5 49. Bh3 a4+ 50. Kxa4 Nxc4 51. Bc1 Nb6+ 52. Kb3 Kb5 53. Be6 c4+ 54. Kc2 Bd6 55. Kd2 Bc5 56. Ke2 Kc6 57. Bd2 Kd6 58. Bg8 Kc6 59. f4 Bd6 60. Kf3 Kb5 61. Kg4 g6 62. f5 g5 63. Kh5 Ka4 64. Be3 Nd7 65. Kxh6 Kb3 66. hxg5 fxg5 67. Bxg5 Kxc3 68. Be6 Nc5 69. Bd5 Nd7 70. Kg6 Kd4 71. Kf7 Nc5 72. Be7 Bxe7 73. Kxe7 c3 74. f6 c2 75. f7 c1=Q 76. f8=Q 1-0


[Site "https://www.chess.com"]